 Dungeon Crawl Stone Soup version 0.30-a0-394-g3e4acdb0ae (webtiles) character file.

Game seed: 10891778978750627864

180 Hubris850 the Chiller (level 5, -4/37 HPs)
             Began as a Merfolk Ice Elementalist on Dec 6, 2022.
             Was a Follower of Elyvilon.
             Slain by an ogre
             ... wielding a +0 giant club
              (23 damage)
             ... on level 5 of the Dungeon.
             The game lasted 00:08:32 (3853 turns).

Hubris850 the Chiller (Merfolk Ice Elementalist)    Turns: 3853, Time: 00:08:33

Health: -4/37      AC:  7    Str:  8      XL:     5   Next: 60%
Magic:  9/9        EV: 12    Int: 15 (16) God:    Elyvilon [*.....]
Gold:   185        SH:  0    Dex: 14 (15) Spells: 3/10 levels left

rFire   + . .      SeeInvis .    l - +3 short sword
rCold   . . .      Faith    .    (no shield)
rNeg    + . .      Spirit   .    d - +2 leather armour {rN+}
rPois   .          Reflect  .    (no helmet)
rElec   .          Harm     .    j - +0 cloak
rCorr   .          Rampage  .    c - +0 pair of gloves
Will    .....                    (no boots)
Stlth   ++........               (no amulet)
HPRegen 0.26/turn                p - ring of protection from fire
MPRegen 0.11/turn                (no ring)

@: no status effects
A: (nimble swimmer 2), mertail
a: Renounce Religion, Purification


You were on level 5 of the Dungeon.
You worshipped Elyvilon.
Elyvilon was aware of your devotion.
You visited 2 branches of the dungeon, and saw 6 of its levels.

You collected 185 gold pieces.

Inventory:

Hand Weapons
 h - a +0 dagger
 l - a +3 short sword (weapon)
Missiles
 q - 4 poisoned darts
Armour
 a - a +0 robe
 c - a +0 pair of gloves (worn)
 d - a +2 leather armour of positive energy (worn)
 j - a +0 cloak (worn)
 v - an orb of energy
Jewellery
 p - a ring of protection from fire (left hand)
Wands
 m - a wand of roots (7)
 w - a wand of flame (9)
Scrolls
 e - 2 scrolls of identify {unknown}
 f - 3 scrolls of blinking {unknown}
 k - a scroll of immolation {unknown}
 n - a scroll of magic mapping {unknown}
 o - 2 scrolls of noise {unknown}
 r - a scroll of fog {unknown}
 s - 2 scrolls of teleportation {unknown}
 t - a scroll of vulnerability {unknown}
 u - a scroll of amnesia {unknown}
 x - a scroll of enchant armour {unknown}
Potions
 b - a potion of magic
 g - 4 potions of curing
 i - a potion of lignification {unknown}
 z - 2 potions of heal wounds


   Skills:
 - Level 1.0 Fighting
 + Level 2.7 Short Blades
 - Level 3.4 Dodging
 - Level 2.1 Stealth
 + Level 3.3 Spellcasting
 + Level 5.4 Ice Magic


You had 3 spell levels left.
You knew the following spells:

 Your Spells              Type           Power      Damage    Failure   Level
a - Freeze                Ice            72%        1d8       3%          1
b - Frozen Ramparts       Ice            36%        1d6       9%          3
c - Ozocubu's Armour      Ice            18%        N/A       9%          3

Your spell library contained the following spells:

 Spells                   Type           Power      Damage    Failure   Level
 Sandblast                Erth           4%         2d4       28%         1
 Passwall                 Tmut/Erth      1%         N/A       41%         2
 Scorch                   Fire           4%         2d5       41%         2
 Stone Arrow              Conj/Erth      4%         3d7       65%         3
 Summon Ice Beast         Ice/Summ       10%        N/A       67%         4
 Flame Wave               Conj/Fire      2%         2d4       96%         4
 Summon Cactus Giant      Summ           1%         N/A       100%        6


Dungeon Overview and Level Annotations

Branches:
Dungeon (5/15)             Temple (1/1) D:4

Altars:
Ashenzari
Cheibriados
Dithmenos
Elyvilon
Fedhas
Gozag
Hepliaklqana
Kikubaaqudgha
Makhleb
Nemelex Xobeh
Qazlal
Ru
Sif Muna
Trog
Uskayaw
Wu Jian
Yredelemnul
Zin
The Shining One

Shops:
D:4 *:


Innate Abilities, Weirdness & Mutations

((You are very nimble when in or above water. (Stealth+, EV+, Speed+++)))
Your lower body shifts to a powerful aquatic tail in water.


Message History

(D) Dungeon (T) Temple
Where to? (Enter - D:4, ? - help)
There is an open door here.
There is an open door here.
There is a stone staircase leading down here.
You climb downwards.
There is a stone staircase leading up here.
An ogre comes into view. It is wielding a +0 giant club.
Aiming: Fastroot
Press: ? - help, Shift-Dir - straight line, f - ogre
Aim: an ogre, wielding a +0 giant club The roots erupt in riotous growth!
Roots grab the ogre.
The grasping roots constrict the ogre.
You hear a bark!
You hear an angry buzzing noise. x2
A hound comes into view.
The ogre escapes!
Aiming: Fastroot
Press: ? - help, Shift-Dir - straight line, f/p - ogre
Aim: an ogre, wielding a +0 giant club (lightly wounded)
The roots erupt in riotous growth!
Roots grab the ogre.
The grasping roots constrict the ogre.
You hear an angry buzzing noise. x2
The ogre escapes!
You completely miss the ogre.
The ogre is moderately wounded.
You hit the ogre.
The ogre is heavily wounded.
The ogre completely misses you.
You closely miss the ogre.
The ogre is heavily wounded.
The ogre hits you with a +0 giant club!!
You barely miss the ogre.
The ogre is heavily wounded.
You hit the ogre.
The ogre is heavily wounded.
The ogre hits you with a +0 giant club!!
Ouch! That really hurt!
You die...

###.#####
.....hO@#
###.###.#
#.# #.#
#<# #.#
#.# #.#
#.#


You could see an ogre and a hound.

Vanquished Creatures
  An orc priest (D:4)
  Crazy Yiuf (D:3)
  An orc wizard (D:3)
  2 adders (D:3)
  2 worms
  2 dart slugs
  7 orcs
  11 endoplasms
  2 giant cockroaches
  8 goblins
  2 hobgoblins
  6 kobolds
  3 quokkas
  2 ball pythons
  9 bats
  A frilled lizard (D:2)
  2 rats
62 creatures vanquished.

Notes
Turn   | Place    | Note
-------+----------+-------------------------------------------
     0 | D:1      | Hubris850 the Merfolk Ice Elementalist began the quest for
                  | the Orb.
     0 | D:1      | Reached XP level 1. HP: 13/13 MP: 3/3
   293 | D:1      | Reached XP level 2. HP: 20/20 MP: 5/5
  1115 | D:2      | Reached skill level 1 in Fighting
  1273 | D:2      | Reached XP level 3. HP: 26/26 MP: 4/6
  1422 | D:2      | Learned a level 3 spell: Frozen Ramparts
  1867 | D:3      | Reached skill level 1 in Short Blades
  2014 | D:3      | Reached XP level 4. HP: 32/32 MP: 0/7
  2029 | D:3      | Reached skill level 5 in Ice Magic
  2092 | D:3      | Learned a level 3 spell: Ozocubu's Armour
  2259 | D:3      | Found a hide-covered altar of Uskayaw.
  2273 | D:3      | Found an opulent altar of Gozag.
  2487 | D:3      | Found a faded altar of an unknown god.
  2681 | D:3      | Found a runed translucent door.
  2682 | D:3      | Noticed Crazy Yiuf
  2701 | D:3      | Killed Crazy Yiuf
  2702 | D:3      | Reached XP level 5. HP: 22/37 MP: 3/9
  2914 | D:4      | Found Areinn's Assorted Antiques.
  2924 | D:4      | Found a basalt altar of Yredelemnul.
  2958 | D:4      | Found Vep Lor's Vocational Training.
  3203 | D:4      | Found a staircase to the Ecumenical Temple.
  3212 | Temple   | Entered the Ecumenical Temple
  3297 | Temple   | Became a worshipper of Elyvilon the Healer
  3732 | D:4      | Reached * piety under Elyvilon
  3842 | D:5      | Entered Level 5 of the Dungeon
  3846 | D:5      | Noticed an ogre
  3853 | D:5      | Slain by an ogre

Illustrated notes

Levels and vault maps discovered:
D:1:      wander_arrival_lonely_grave, layout_loops_corners
D:2:      layout_basic
D:3:      layout_loops_ring, mainiacjoe_overflow_large_starburst,
          hellmonk_ecumenical_altar_leap_of_faith, uniq_crazy_yiuf_cottage
D:4:      layout_loops_corners, yredelemnul_altar_generic,
          minmay_temple_entry_slanted, serial_shops, nicolae_shop_stone,
          nicolae_shop_vocational
D:5:      layout_loops_ring, mainiacjoe_overflow_paths
Temple:   nicolae_temple_x_marks_the_god

Skill      XL: |  1  2  3  4 |
---------------+-------------+-----
Dodging        | 3 |  3.4
Fighting       | 1 |  1.0
Short Blades   | 1 2 |  2.7
Ice Magic      | 5 |  5.4
Spellcasting   | 3 |  3.3
Stealth        | |  2.1

Action                   |  1- 3 |  4- 6 || total
-------------------------+-------+-------++-------
Melee: Dagger            |    37 |       ||    37
       Unarmed           |     4 |       ||     4
       Short sword       |    58 |    53 ||   111
       Punch             |       |     1 ||     1
       Quarterstaff      |       |     8 ||     8
 Cast: Freeze            |    17 |     5 ||    22
       Frozen Ramparts   |     1 |     2 ||     3
       Ozocubu's Armour  |       |     1 ||     1
Evoke: Wand              |       |     2 ||     2
  Use: Potion            |       |     4 ||     4
 Stab: Sleeping          |     4 |     4 ||     8
Armor: Leather armour    |    33 |    14 ||    47
Dodge: Dodged            |    53 |    28 ||    81

Table legend: (Time is in decaauts)
 A = Elapsed time spent in this place.
 B = Non-inter-level travel time spent in this place.
 C = Inter-level travel time spent in this place.
 D = Time resting spent in this place.
 E = Time spent auto-exploring this place.
 F = Levels seen in this place.
 G = Mean time per level.
                   A        B        C        D        E       F      G
               +--------+--------+--------+--------+--------+-----+--------+
         Total |   3855 |   3676 |    179 |    227 |   2798 |   6 |  642.5 |
       Dungeon |   3758 |   3589 |    169 |    227 |   2798 |   5 |  751.6 |
        Temple |     96 |     86 |     10 |      0 |      0 |   1 |   96.0 |
               +--------+--------+--------+--------+--------+-----+--------+

Top non-repeatable levels by time:
     D:1: 1098 daAuts
     D:3: 1063 daAuts
     D:4: 852 daAuts
     D:2: 734 daAuts
  Temple: 96 daAuts
     D:5: 10 daAuts
